 Dungeon Crawl Stone Soup version 0.28.0-53-g5a82cb258f (webtiles) character file.

Game seed: 14573154349761877381

217 Sin92 the Firebug (level 5, -1/37 HPs)
             Began as a Demonspawn Fire Elementalist on July 7, 2022.
             Slain by a gnoll
             ... wielding a +0 halberd
              (6 damage)
             ... on level 3 of the Dungeon.
             The game lasted 00:12:56 (2728 turns).

Sin92 the Firebug (Demonspawn Fire Elementalist)    Turns: 2728, Time: 00:12:57

Health: -1/37      AC: 10    Str:  9 (11) XL:     5   Next: 61%
Magic:  4/8        EV:  8    Int: 14 (16) God:
Gold:   104        SH:  0    Dex: 11 (13) Spells: 7/8 levels left

rFire   . . .      SeeInvis .   h - +0 dagger (venom)
rCold   . . .      Faith    .   (no shield)
rNeg    . . .      Spirit   .   c - +0 scale mail
rPois   .          Reflect  .   (no helmet)
rElec   .          Harm     +   i - scarf {harm}
rCorr   .          Rampage  .   e - +0 pair of gloves
Will    .....                   (no boots)
Stlth   +.........              j - amulet of regeneration
HPRegen 0.92/turn               (no ring)
MPRegen 0.11/turn               (no ring)

@: attractive, very slightly contaminated
A: slimy green scales 2, demonic touch 1
a: no special abilities


You were on level 3 of the Dungeon.
You visited 1 branch of the dungeon, and saw 3 of its levels.

You collected 104 gold pieces.

Inventory:

Hand Weapons
 d - a +0 club
 h - a +0 dagger of venom (weapon)
Missiles
 f - 2 javelins
Armour
 a - a +0 robe
 c - a +0 scale mail (worn)
 e - a +0 pair of gloves (worn)
 i - a scarf of harm (worn)
 m - a +0 plate armour
 o - a +0 chain mail
Jewellery
 j - an amulet of regeneration (around neck)
 k - an amulet of faith
Wands
 n - a wand of iceblast (9)
Scrolls
 l - 3 scrolls of identify
Potions
 b - 3 potions of curing
 g - a potion of flight
 q - a potion of attraction


   Skills:
 + Level 1.4 Fighting
 * Level 2.0 Short Blades
 - Level 0.4 Maces & Flails
 + Level 1.2 Armour
 + Level 2.4 Dodging
 + Level 2.6 Stealth
 + Level 2.4 Spellcasting
 + Level 2.0 Conjurations
 + Level 3.1 Fire Magic


You had 7 spell levels left.
You knew the following spells:

 Your Spells              Type           Power      Damage    Failure   Level
a - Foxfire               Conj/Fire      36%        2x1d5     54%         1

Your spell library contained the following spells:

 Spells                   Type           Power      Damage    Failure   Level
 Scorch                   Fire           20%        2d6       58%         2
 Conjure Flame            Conj/Fire      9%         6-21      88%         3
 Inner Flame              Hex/Fire       6%         N/A       96%         3
 Flame Wave               Conj/Fire      9%         2d5       99%         4
 Conjure Ball Lightning   Conj/Air       2%         3x3d6     100%        6
 Discord                  Hex            0%         N/A       100%        8
 Disjunction              Tloc           0%         N/A       100%        8


Dungeon Overview and Level Annotations

Branches:
Dungeon (3/15)

Altars:

Shops:
D:1 *


Innate Abilities, Weirdness & Mutations

You are mostly covered in slimy green scales. (AC +3)
Your touch may inflict minor irresistible damage on your foes.


Message History

The gnoll hits you from afar with a +0 spear.
The orc barely misses you. The gnoll is attracted toward you. x2
There is a stone staircase leading down here.
You barely miss the orc. You punch the orc, but do no damage.
The orc is severely wounded.
The gnoll hits you but does no damage.
You closely miss the orc.
The orc is severely wounded.
The orc hits you but does no damage.
The gnoll hits you from afar with a +0 spear.
You barely miss the orc.
The orc is severely wounded.
The orc completely misses you.
The gnoll hits you from afar with a +0 spear.
You hit the orc but do no damage.
The orc is poisoned.
The orc is severely wounded.
You kill the orc!
The gnoll hits you from afar with a +0 spear.
The gnoll is attracted toward you. x4
Okay, then.
Okay, then.
You miscast Foxfire.
Nothing appears to happen.
The gnoll shouts!
The gnoll hits you from afar with a +0 halberd.
The gnoll is attracted toward you. x4
The gnoll hits you from afar with a +0 spear.
* * * LOW HITPOINT WARNING * * *
The gnoll hits you but does no damage. The gnoll barely misses you.
The gnoll hits you with a +0 club.
* * * LOW HITPOINT WARNING * * *
The gnoll is attracted toward you. x3
Unknown command.
A rat comes into view.
The gnoll hits you with a +0 spear.
* * * LOW HITPOINT WARNING * * *
The gnoll hits you from afar with a +0 spear.
* * * LOW HITPOINT WARNING * * *
The gnoll hits you from afar with a +0 halberd.
You die...

*,,*,,***,**#*,,,......#*.#
*,,*,,,,,,**#...*#.##..##.#
,,,*,,,,*.##,#..*#.#......#
*******,,,..###.##.#......#
,,,*,,,,*<*#.#.r..gg......#
**,*,,,,,,,.....##§#......#
*,*,****,,###..##g#......#
*,,,* *,,* #..#gg###..#.#
**,** **,,**#..@.g§....#.#
***,* *,.........g.......#
,,*,* *,..######.#..##.###
# ,,,,* *,,,* #.#..##.# #
***,****,,,*****#.#..##.# #
* *,**,*,,,,,..##.#..##.# #
***,*,*,,,,,,...........# #
,,,,,,,,,,,,,.....#..#### #
*****,*,,****#.#**#..# #


You could see 5 gnolls and a rat.

Vanquished Creatures
  A hound (D:3)
  An orc wizard (D:3)
  6 gnolls (D:2)
  3 adders (D:2)
  3 worms
  5 orcs (D:3)
  7 bats
  6 endoplasms
  2 giant cockroaches
  6 goblins
  6 hobgoblins
  2 jackals (D:1)
  4 quokkas
  7 ball pythons
  2 frilled lizards
  2 kobolds (D:2)
  4 rats
67 creatures vanquished.

Vanquished Creatures (others)
  65 foxfires
65 creatures vanquished.

Grand Total: 132 creatures vanquished

Notes
Turn   | Place    | Note
-------+----------+-------------------------------------------
     0 | D:1      | Sin92 the Demonspawn Fire Elementalist began the quest for
                  | the Orb.
     0 | D:1      | Reached XP level 1. HP: 13/13 MP: 3/3
   263 | D:1      | Gained mutation: You are partially covered in slimy green
                  | scales. (AC +2) [demonic ancestry]
   263 | D:1      | Reached XP level 2. HP: 12/19 MP: 1/5
   454 | D:1      | Found Forphimem's Assorted Antiques.
  1021 | D:1      | Found a faded altar of an unknown god.
  1477 | D:2      | Gained mutation: You are mostly covered in slimy green
                  | scales. (AC +3) [demonic ancestry]
  1477 | D:2      | Reached XP level 3. HP: 25/25 MP: 6/6
  1487 | D:2      | Reached skill level 1 in Fighting
  1487 | D:2      | Reached skill level 1 in Short Blades
  1495 | D:2      | Reached skill level 3 in Fire Magic
  1495 | D:2      | Reached XP level 4. HP: 16/32 MP: 5/7
  2215 | D:2      | Reached skill level 1 in Armour
  2219 | D:2      | Gained mutation: Your touch may inflict minor irresistible
                  | damage on your foes. [demonic ancestry]
  2219 | D:2      | Reached XP level 5. HP: 8/37 MP: 3/8
  2728 | D:3      | Slain by a gnoll

Illustrated notes

Levels and vault maps discovered:
D:1:      lightli_arrival_boilingwater, layout_loops_ring,
          ebering_ecumenical_altar_petrified, serial_shops, shop_statue,
          minmay_box_of_dots
D:2:      layout_loops_ring
D:3:      layout_loops_ring, minmay_vboxes

Skill      XL: |  1  2  3  4  5 |
---------------+----------------+-----
Dodging        | 2 |  2.4
Stealth        | 2 |  2.6
Fighting       | 1 |  1.4
Short Blades   | 1 2 |  2.0
Fire Magic     | 3 |  3.1
Armour         | 1 |  1.2
Conjurations   | 2 |  2.0
Maces & Flails | |  0.4
Spellcasting   | |  2.4

Action                   |  1- 3 |  4- 6 || total
-------------------------+-------+-------++-------
Melee: Club              |    18 |       ||    18
       Unarmed           |     4 |       ||     4
       Dagger            |    38 |   112 ||   150
       Punch             |       |     3 ||     3
       Touch             |       |    10 ||    10
 Cast: Foxfire           |    28 |    30 ||    58
  Use: Scroll            |     4 |     3 ||     7
       Potion            |       |     2 ||     2
Armor: Robe              |    12 |       ||    12
       Scale mail        |    18 |    60 ||    78
Dodge: Dodged            |    50 |    59 ||   109
